[ AOE2 MATCH · #505675281 ]
UnrankedMongols vs Mongols
Player's team · WIN
Rival team · LOSS
[ REPLAY ANALYSIS · EXTRACTED FROM THE RECORDED GAME ]
Feudal
10:18
Castle
20:50
Imperial
33:19
| APM avg | 54.7 |
| APM peak | 90 |
| eAPM avg | 23.0 |
| Villagers / military | 146 / 121 |
Focus
⚔️ 31.9% · 🌾 68.1%
Cavalry Archer ×35 · Scout Cavalry ×33 · Mangudai ×21 · Archer ×14 · Trebuchet (Packed) ×7 · Mangonel ×5
Feudal
8:31
Castle
20:52
Imperial
—
| APM avg | 83.5 |
| APM peak | 140 |
| eAPM avg | 28.0 |
| Villagers / military | 106 / 66 |
Focus
⚔️ 24.9% · 🌾 75.1%
Skirmisher ×34 · Scout Cavalry ×14 · Archer ×8 · Cavalry Archer ×5 · Knight ×3 · Mangonel ×1
Match map
Initial resources + every placement click. Lines = walls · curves = elevation contours. ◆ gold · ⬟ stone · ● berries · ✦ relic · ◌ wall gap
Your base· ✓ Closed at 20:50 · 34t walls · no gate
hK | Agt. Smith's base· Open — opponent sealed themselves in
Smoothed initial terrain · ◌ = detected wall gap · hover for details
Inputs per minute
— DS_Kawakaze - - hK | Agt. Smith
Build order — DS_Kawakaze
First 150 of 455 actions detected
| 0:01 | Queue | Villager (Male) ×4 |
| 0:02 | Build | House |
| 0:03 | Build | House |
| 1:20 | Queue | Villager (Male) |
| 1:42 | Build | Lumber Camp |
| 1:55 | Queue | Villager (Male) |
| 2:05 | Queue | Villager (Male) |
| 2:20 | Queue | Villager (Male) |
| 2:57 | Queue | Villager (Male) |
| 3:15 | Queue | Villager (Male) |
| 3:26 | Queue | Villager (Male) |
| 3:46 | Queue | Villager (Male) |
| 3:55 | Build | House |
| 4:27 | Build | Barracks |
| 4:31 | Queue | Villager (Male) |
| 4:47 | Build | House |
| 4:54 | Queue | Villager (Male) |
| 5:23 | Queue | Villager (Male) |
| 5:27 | Queue | Militia |
| 5:28 | Queue | Militia |
| 5:29 | Queue | Militia |
| 5:38 | Queue | Villager (Male) |
| 5:47 | Build | Mill |
| 6:31 | Queue | Villager (Male) |
| 6:50 | Build | House |
| 7:15 | Queue | Villager (Male) |
| 7:25 | Build | Mill |
| 7:43 | Queue | Villager (Male) |
| 8:03 | Research | Feudal Age |
| 8:10 | Queue | Villager (Male) |
| 8:21 | Build | Mining Camp |
| 8:29 | Queue | Militia |
| 9:20 | Build | House |
| 9:26 | Build | Farm |
| 9:58 | Build | Palisade Wall |
| 10:01 | Queue | Villager (Male) |
| 10:18 | Age | Feudal Age |
| 10:20 | Research | Man-at-Arms (upgrade) |
| 10:21 | Build | Archery Range |
| 10:33 | Research | Double-Bit Axe |
| 10:36 | Build | House |
| 10:38 | Build | Palisade Wall |
| 10:50 | Queue | Villager (Male) |
| 10:59 | Queue | Villager (Male) |
| 11:02 | Build | House |
| 11:03 | Build | Palisade Wall |
| 11:12 | Queue | Archer |
| 11:12 | Queue | Archer |
| 11:22 | Queue | Villager (Male) |
| 11:38 | Build | Farm |
| 11:44 | Build | House |
| 11:45 | Build | Palisade Wall |
| 11:51 | Queue | Archer |
| 12:01 | Build | Farm |
| 12:10 | Queue | Villager (Male) |
| 12:19 | Queue | Archer |
| 12:23 | Build | House |
| 12:40 | Queue | Villager (Male) |
| 12:49 | Build | Blacksmith |
| 12:54 | Queue | Villager (Male) |
| 12:58 | Build | Farm |
| 13:00 | Build | Palisade Wall |
| 13:10 | Queue | Villager (Male) |
| 13:13 | Build | Farm |
| 13:22 | Queue | Archer |
| 13:41 | Build | House |
| 13:43 | Queue | Villager (Male) |
| 13:44 | Build | Farm |
| 13:45 | Build | Farm |
| 13:51 | Research | Fletching |
| 14:16 | Queue | Archer |
| 14:17 | Queue | Villager (Male) |
| 14:29 | Build | Farm |
| 14:30 | Build | Farm |
| 14:31 | Queue | Villager (Male) |
| 14:35 | Build | Farm |
| 14:52 | Queue | Villager (Male) |
| 15:00 | Queue | Archer |
| 15:20 | Queue | Villager (Male) |
| 15:39 | Queue | Villager (Male) |
| 15:41 | Queue | Archer |
| 15:41 | Queue | Archer |
| 15:42 | Queue | Villager (Male) |
| 15:44 | Build | Farm |
| 15:44 | Build | Farm |
| 15:45 | Build | Farm |
| 15:47 | Build | Farm |
| 15:50 | Build | Lumber Camp |
| 16:31 | Build | Farm |
| 16:41 | Queue | Archer |
| 16:49 | Queue | Villager (Male) |
| 16:54 | Build | House |
| 17:45 | Queue | Villager (Male) |
| 17:48 | Research | Loom |
| 17:56 | Build | House |
| 17:57 | Build | House |
| 18:06 | Research | Castle Age |
| 18:11 | Research | Loom |
| 18:27 | Research | Horse Collar |
| 18:28 | Build | Farm |
| 18:39 | Build | Farm |
| 18:45 | Research | Gold Mining |
| 18:47 | Queue | Archer |
| 19:05 | Build | Farm |
| 19:23 | Queue | Archer |
| 19:42 | Build | Archery Range |
| 20:07 | Research | Padded Archer Armor |
| 20:11 | Build | Stable |
| 20:35 | Queue | Archer |
| 20:50 | Age | Castle Age |
| 20:53 | Research | Crossbowman (upgrade) |
| 20:55 | Research | Bodkin Arrow |
| 21:04 | Build | Town Center |
| 21:08 | Queue | Cavalry Archer |
| 21:09 | Queue | Cavalry Archer |
| 21:21 | Queue | Villager (Male) |
| 21:23 | Research | Bow Saw |
| 21:25 | Build | Farm |
| 21:25 | Build | Farm |
| 21:29 | Build | Town Center |
| 21:38 | Queue | Villager (Male) |
| 21:40 | Queue | Cavalry Archer |
| 21:41 | Queue | Cavalry Archer |
| 21:41 | Queue | Cavalry Archer |
| 21:42 | Queue | Villager (Male) |
| 21:51 | Build | University |
| 21:56 | Queue | Villager (Male) |
| 22:05 | Queue | Villager (Male) |
| 22:08 | Build | Siege Workshop |
| 22:13 | Queue | Villager (Male) |
| 22:21 | Queue | Cavalry Archer |
| 22:22 | Queue | Cavalry Archer |
| 22:22 | Queue | Cavalry Archer |
| 22:29 | Queue | Villager (Male) |
| 22:34 | Queue | Villager (Male) |
| 22:39 | Build | Farm |
| 22:40 | Build | Farm |
| 22:40 | Build | Farm |
| 22:40 | Build | Farm |
| 22:40 | Build | Farm |
| 22:41 | Build | Farm |
| 22:50 | Queue | Villager (Male) |
| 22:59 | Queue | Mangonel |
| 22:59 | Queue | Mangonel |
| 23:01 | Queue | Villager (Male) |
| 23:03 | Queue | Archer |
| 23:07 | Queue | Cavalry Archer |
| 23:07 | Queue | Cavalry Archer |
| 23:08 | Queue | Villager (Male) |
| 23:09 | Queue | Villager (Male) |
Build order — hK | Agt. Smith
First 150 of 296 actions detected
| 0:02 | Queue | Villager (Male) |
| 0:03 | Build | House |
| 0:05 | Build | House |
| 0:25 | Queue | Villager (Male) ×3 |
| 1:13 | Queue | Villager (Male) |
| 1:55 | Build | Lumber Camp |
| 2:04 | Queue | Villager (Male) |
| 2:22 | Queue | Villager (Male) |
| 2:54 | Queue | Villager (Male) |
| 3:15 | Queue | Villager (Male) |
| 3:48 | Queue | Villager (Male) |
| 3:51 | Build | House |
| 4:05 | Queue | Villager (Male) |
| 4:34 | Build | Mill |
| 4:41 | Queue | Villager (Male) |
| 4:54 | Queue | Villager (Male) |
| 5:05 | Queue | Villager (Male) |
| 5:17 | Build | House |
| 5:38 | Queue | Villager (Male) |
| 5:42 | Research | Loom |
| 6:17 | Research | Feudal Age |
| 6:38 | Build | House |
| 7:26 | Build | House |
| 7:40 | Build | Palisade Wall |
| 7:50 | Build | Palisade Wall |
| 8:07 | Build | Palisade Wall |
| 8:08 | Build | Palisade Wall |
| 8:15 | Build | Barracks |
| 8:31 | Age | Feudal Age |
| 8:31 | Queue | Villager (Male) |
| 8:34 | Research | Double-Bit Axe |
| 8:56 | Queue | Villager (Male) |
| 9:17 | Build | Archery Range |
| 9:40 | Build | Palisade Wall |
| 10:01 | Build | Blacksmith |
| 10:03 | Build | House |
| 10:05 | Queue | Villager (Male) |
| 10:05 | Queue | Villager (Male) |
| 10:16 | Build | Mining Camp |
| 10:26 | Queue | Archer |
| 10:52 | Queue | Villager (Male) |
| 10:57 | Build | Farm |
| 11:00 | Build | Farm |
| 11:02 | Build | Farm |
| 11:11 | Build | House |
| 11:16 | Build | House |
| 11:22 | Queue | Villager (Male) |
| 11:24 | Build | Farm |
| 11:32 | Build | Palisade Wall |
| 11:33 | Build | Palisade Wall |
| 11:34 | Build | Palisade Wall |
| 11:40 | Queue | Villager (Male) |
| 11:49 | Build | Mill |
| 11:56 | Queue | Villager (Male) |
| 12:02 | Queue | Archer |
| 12:12 | Queue | Villager (Male) |
| 12:25 | Queue | Archer |
| 12:30 | Build | Farm |
| 12:39 | Queue | Archer |
| 12:40 | Queue | Villager (Male) |
| 12:56 | Research | Town Watch |
| 13:02 | Build | Farm |
| 13:06 | Build | Farm |
| 13:09 | Build | Farm |
| 13:23 | Queue | Villager (Male) |
| 13:29 | Queue | Villager (Male) |
| 13:31 | Build | Farm |
| 13:43 | Build | Farm |
| 13:49 | Queue | Archer |
| 13:51 | Queue | Skirmisher |
| 14:12 | Queue | Villager (Male) |
| 14:14 | Build | Farm |
| 14:17 | Build | Farm |
| 14:28 | Queue | Skirmisher |
| 14:48 | Queue | Villager (Male) |
| 14:53 | Build | Blacksmith |
| 15:15 | Queue | Villager (Male) |
| 15:36 | Queue | Archer |
| 15:44 | Queue | Villager (Male) |
| 15:45 | Build | Farm |
| 15:48 | Research | Fletching |
| 16:12 | Queue | Villager (Male) |
| 16:25 | Queue | Villager (Male) |
| 16:27 | Build | Farm |
| 16:31 | Build | Farm |
| 16:43 | Queue | Archer |
| 16:49 | Build | Farm |
| 17:02 | Build | Palisade Wall |
| 17:11 | Queue | Archer |
| 17:12 | Queue | Villager (Male) |
| 17:43 | Queue | Villager (Male) |
| 17:48 | Build | Farm |
| 18:01 | Build | Archery Range |
| 18:12 | Research | Castle Age |
| 18:29 | Build | Lumber Camp |
| 18:57 | Research | Gold Mining |
| 19:37 | Build | Stable |
| 19:43 | Build | Palisade Wall |
| 19:44 | Build | Palisade Wall |
| 20:08 | Build | Farm |
| 20:21 | Build | Farm |
| 20:35 | Research | Bloodlines |
| 20:37 | Research | Padded Archer Armor |
| 20:52 | Age | Castle Age |
| 21:00 | Research | Bodkin Arrow |
| 21:06 | Research | Elite Skirmisher (upgrade) |
| 21:06 | Research | Elite Skirmisher (upgrade) |
| 21:12 | Queue | Skirmisher |
| 21:13 | Queue | Villager (Male) |
| 21:31 | Queue | Skirmisher |
| 21:38 | Research | Leather Archer Armor |
| 21:45 | Build | Watch Tower |
| 21:55 | Queue | Skirmisher |
| 21:55 | Queue | Skirmisher |
| 21:56 | Queue | Villager (Male) |
| 21:56 | Queue | Villager (Male) |
| 22:11 | Queue | Skirmisher |
| 22:28 | Queue | Skirmisher |
| 22:35 | Build | Farm |
| 22:43 | Queue | Skirmisher |
| 22:45 | Queue | Villager (Male) |
| 22:53 | Build | Farm |
| 22:59 | Build | House |
| 23:00 | Build | House |
| 23:04 | Queue | Villager (Male) |
| 23:07 | Queue | Villager (Male) |
| 23:16 | Queue | Skirmisher |
| 23:16 | Queue | Skirmisher |
| 23:24 | Queue | Knight |
| 23:45 | Queue | Villager (Male) |
| 23:48 | Queue | Cavalry Archer |
| 24:04 | Build | Market |
| 24:08 | Queue | Villager (Male) |
| 24:09 | Build | Farm |
| 24:11 | Queue | Cavalry Archer |
| 24:30 | Queue | Cavalry Archer |
| 24:30 | Queue | Cavalry Archer |
| 24:34 | Queue | Villager (Male) |
| 24:50 | Queue | Knight |
| 24:55 | Queue | Cavalry Archer |
| 25:10 | Build | Siege Workshop |
| 25:17 | Queue | Skirmisher |
| 25:17 | Queue | Skirmisher |
| 25:27 | Queue | Villager (Male) |
| 25:29 | Build | House |
| 25:30 | Build | House |
| 25:44 | Queue | Mangonel |
| 25:56 | Queue | Skirmisher |
| 25:58 | Queue | Skirmisher |
| 26:16 | Queue | Knight |
Match timeline
| 4:27 | DS_Kawakaze · first_building Barracks |
| 7:40 | hK | Agt. Smith · wall_segment Palisade Wall x1 |
| 7:50 | hK | Agt. Smith · wall_segment Palisade Wall x1 |
| 8:07 | hK | Agt. Smith · wall_segment Palisade Wall x1 |
| 8:08 | hK | Agt. Smith · wall_segment Palisade Wall x1 |
| 8:15 | hK | Agt. Smith · first_building Barracks |
| 8:31 | hK | Agt. Smith · age_up feudal |
| 9:17 | hK | Agt. Smith · first_building Archery Range |
| 9:40 | hK | Agt. Smith · wall_segment Palisade Wall x12 |
| 9:58 | DS_Kawakaze · wall_segment Palisade Wall x1 |
| 10:18 | DS_Kawakaze · age_up feudal |
| 10:21 | DS_Kawakaze · first_building Archery Range |
| 10:38 | DS_Kawakaze · wall_segment Palisade Wall x16 |
| 11:03 | DS_Kawakaze · wall_segment Palisade Wall x11 |
| 11:32 | hK | Agt. Smith · wall_segment Palisade Wall x1 |
| 11:33 | hK | Agt. Smith · wall_segment Palisade Wall x1 |
| 11:34 | hK | Agt. Smith · wall_segment Palisade Wall x1 |
| 11:45 | DS_Kawakaze · wall_segment Palisade Wall x5 |
| 13:00 | DS_Kawakaze · wall_segment Palisade Wall x7 |
| 17:02 | hK | Agt. Smith · wall_segment Palisade Wall x12 |
| 19:37 | hK | Agt. Smith · first_building Stable |
| 19:43 | hK | Agt. Smith · wall_segment Palisade Wall x1 |
| 19:44 | hK | Agt. Smith · wall_segment Palisade Wall x1 |
| 20:11 | DS_Kawakaze · first_building Stable |
| 20:50 | DS_Kawakaze · age_up castle |
| 20:52 | hK | Agt. Smith · age_up castle |
| 22:08 | DS_Kawakaze · first_building Siege Workshop |
| 25:10 | hK | Agt. Smith · first_building Siege Workshop |
| 25:43 | hK | Agt. Smith · first_market_buy 100 wood |
| 26:34 | hK | Agt. Smith · first_market_sell 100 wood |
| 32:22 | DS_Kawakaze · first_market_buy 100 stone |
| 33:19 | DS_Kawakaze · age_up imperial |
| 33:46 | DS_Kawakaze · first_building Monastery |
| 33:57 | DS_Kawakaze · first_building Castle |
| 35:49 | hK | Agt. Smith · first_building Castle |
| 42:14 | hK | Agt. Smith · resign |
[ AI ANALYSIS · 1 CREDIT ]
What really happened in this match?
Wolo.gg analyzes every decision: build order, eco, micro, common mistakes by bracket. Personalized analysis on WhatsApp or Discord in 30 seconds.
Civ guide
Mongols
Perfil
Jugador #9806716